Map: Prion Terraces

Players

HydraOnStim

  • Race: Terran Terran
  • League: Platinum

STaR - Winner!

  • Race: Zerg Zerg
  • League: Gold

VOD

Have the link to the VOD?

Description

Time

  • Played on: Dec. 23, 2015, 11:05 a.m.
  • Length: 18:16
Show
View Real Time Build Order
Export as new Build Order

HydraOnStim Terran 

Build Orders: Mech 

Get SALT Encoding   

  12  0:02  SCV  
  13  0:14  SCV  
  14  0:26  SCV  
  15  0:31  Supply Depot  
  15  0:52  SCV  
  15  0:54  Barracks  
  15  0:56  Barracks  
  16  1:04  SCV, Refinery  
  17  1:16  SCV, Refinery  
  18  1:21  Supply Depot  
  18  1:33  SCV  
  19  1:41  Marine  
  19  1:43  Marine  
  21  1:51  Orbital Command  
  21  1:59  Marine  
  22  2:04  Marine  
  23  2:19  Marine  
  23  2:22  Marine  
  25  2:37  Marine  
  25  2:40  Marine  
  25  2:42  Factory  
  25  2:43  SCV  
  28  2:45  Factory  
  28  2:48  Supply Depot  
  28  3:04  Marine x2  
  30  3:05  SCV  
  30  3:11  Supply Depot  
  31  3:18  SCV  
  32  3:22  Marine  
  33  3:35  Factory Tech Lab x2  
  31  4:02  Siege Tank x2  
  37  4:04  SCV  
  37  4:08  Starport  
  38  4:10  Supply Depot  
  38  4:18  Marine  
  38  4:19  Marine  
  40  4:26  SCV  
  41  4:32  Supply Depot  
  41  4:39  Cyclone x2  
  47  4:47  Medivac  
  47  4:50  SCV  
  50  4:54  Supply Depot, Marine x2  
  52  5:02  SCV  
  53  5:11  Command Center  
  53  5:15  Cyclone  
  53  5:18  SCV  
  57  5:34  Mag-Field Accelerator  
  57  5:47  Supply Depot  
  57  5:55  Supply Depot  
  57  5:58  Factory  
  57  6:02  Hellion x2  
  57  6:03  SCV  
  62  6:12  Armory  
  62  6:15  SCV  
  62  6:17  Engineering Bay  
  63  6:22  Liberator  
  63  6:24  Orbital Command  
  66  6:47  Refinery  
  66  6:49  Refinery  
  66  6:51  Barracks  
  66  6:52  Factory Reactor  
  66  6:57  SCV  
  67  7:14  Siege Tank  
  71  7:15  SCV  
  71  7:17  SCV  
  72  7:26  Terran Vehicle And Ship Armor Level 1  
  72  7:27  SCV, Missile Turret  
  73  7:31  Hellion x2  
  77  7:44  SCV  
  78  7:52  Starport Reactor  
  78  7:56  SCV  
  79  7:59  Missile Turret  
  79  8:01  Siege Tank  
  79  8:04  Siege Tank  
  85  8:07  Hellion x2  
  85  8:10  SCV  
  85  8:12  SCV  
  91  8:14  Liberator x2  
  91  8:16  Supply Depot  
  91  8:21  Command Center  
  97  9:02  Liberator x2  
  103  9:28  Missile Turret  
  103  9:58  Liberator x2  
  103  10:15  Marine  
  103  10:16  Marine  
  111  10:33  Marine  
  76  11:13  Marine  
  76  11:14  Marine  
  75  11:19  Cyclone x2  
  81  11:27  Hellion x2  
  81  11:31  Factory, Marine  
  81  11:32  Marine  
  79  11:49  Hellion x2  
  80  11:56  Marine  
  80  11:57  Marine  
  67  12:14  Marine x2  
  66  12:28  Hellion x4  
  74  12:34  Liberator x2  
  74  12:38  Factory Tech Lab  
  74  12:46  Terran Vehicle Weapons Level 1  
  74  12:47  SCV  
  74  12:49  Hellion x2, Cyclone x2  
  91  12:58  Planetary Fortress  
  91  13:09  Thor  
  97  13:17  Liberator x2  
  96  13:21  Thor  
  102  13:45  Marine x2  
  104  13:51  Cyclone  
  104  13:52  Cyclone  
  104  13:55  Hellion x2  
  114  14:00  Infernal Pre-Igniter  
  114  14:09  SCV  
  115  14:12  Missile Turret  
  115  14:14  Missile Turret  
  115  14:16  Hellion  
  117  14:21  Marine x2  
  119  14:38  Marine  
  119  14:39  Marine  
  117  14:56  Marine x2  
  119  15:06  Viking  
  128  15:07  Viking  
  123  15:14  Marine x2  
  105  15:32  Marine  
  76  15:36  Viking  
  42  16:31  Marine  
  42  16:32  Marine  
  43  16:57  Cyclone  
  43  16:58  Cyclone x2  
  43  16:59  Viking x2  
  56  17:15  SCV  
  57  17:29  Cyclone  
Show
View Real Time Build Order
Export as new Build Order

STaR Zerg - Winner!

Build Orders: Hatch First, Lurkers, Muta Ling Bane 

Get SALT Encoding   

  12  0:01  Drone  
  13  0:09  Drone  
  14  0:17  Overlord  
  14  0:24  Drone, Extractor  
  15  0:36  Drone x2  
  17  0:46  Drone  
  18  1:01  Hatchery  
  18  1:03  Extractor  
  16  1:05  Drone  
  17  1:16  Spawning Pool  
  16  1:20  Drone  
  16  1:21  Drone  
  18  1:30  Drone  
  19  1:37  Overlord  
  19  2:06  Metabolic Boost  
  19  2:09  Queen  
  19  2:12  Queen  
  19  2:15  Drone x2  
  25  2:19  Zergling x2  
  27  2:22  Zergling x2  
  27  2:35  Drone  
  27  2:36  Drone x2  
  30  2:40  Zergling x2  
  31  2:49  Spine Crawler  
  31  2:50  Overlord x2  
  30  3:04  Baneling Nest  
  29  3:08  Drone  
  29  3:09  Drone x3  
  33  3:24  Zergling x10  
  37  3:29  Queen  
  39  3:39  Spine Crawler  
  38  3:52  Baneling x5  
  38  3:55  Zergling x12  
  43  4:09  Hatchery  
  42  4:10  Drone  
  43  4:25  Extractor  
  43  4:27  Drone  
  43  4:28  Drone, Extractor  
  43  4:29  Overlord x4  
  43  4:45  Drone  
  44  4:57  Drone x8  
  44  4:59  Lair  
  52  5:02  Roach Warren  
  50  5:44  Drone x3  
  50  5:45  Drone x9  
  62  5:57  Queen  
  64  6:14  Glial Reconstitution  
  64  6:15  Spire, Centrifical Hooks  
  64  6:17  Drone  
  64  6:18  Drone x8  
  72  6:21  Extractor x2  
  72  6:24  Overseer  
  70  6:33  Extractor  
  70  6:36  Overlord x5  
  69  6:42  Drone x5  
  74  7:16  Infestation Pit  
  73  7:28  Hatchery  
  72  7:32  Hatchery  
  72  7:34  Mutalisk  
  72  7:35  Mutalisk x7  
  87  7:43  Pneumatized Carapace, Overseer  
  87  8:05  Hive  
  87  8:06  Overseer  
  87  8:35  Overlord x4  
  87  8:36  Overlord x2  
  86  8:46  Hydralisk Den  
  84  8:50  Extractor  
  84  8:52  Extractor  
  72  9:18  Lurker Den  
  72  9:20  Ultralisk Cavern  
  72  9:22  Adrenal Glands  
  71  9:29  Zergling x20  
  71  9:30  Zergling x46  
  104  9:41  Queen  
  104  9:44  Queen  
  108  9:46  Drone  
  107  9:55  Corruptor  
  107  9:56  Corruptor x4  
  117  10:08  Extractor, Baneling x5  
  117  10:11  Ultralisk x4  
  117  10:13  Extractor  
  139  10:40  Chitinous Plating  
  124  10:46  Greater Spire  
  76  11:04  Mutalisk  
  76  11:05  Mutalisk x7  
  86  11:22  Zergling x2  
  86  11:23  Zergling x12  
  86  11:25  Drone x3  
  94  11:26  Drone x3  
  83  11:56  Ultralisk  
  83  11:57  Ultralisk x4  
  111  12:05  Corruptor x2  
  111  12:06  Corruptor  
  110  12:21  Brood Lord x2  
  112  12:26  Drone x3  
  112  12:27  Drone x3  
  118  12:31  Drone x2  
  120  12:47  Evolution Chamber  
  120  12:50  Evolution Chamber  
  118  13:04  Hydralisk x7  
  128  13:36  Lurker x7  
  133  13:41  Brood Lord x2  
  133  13:42  Corruptor x3, Brood Lord  
  133  13:43  Corruptor  
  147  14:06  Zerg Ground Armor Level 1, Zerg Melee Weapons Level 1  
  147  14:09  Drone  
  152  14:10  Drone x6  
  154  14:17  Hatchery, Muscular Augments  
  153  14:27  Corruptor x3  
  147  14:46  Hydralisk x4  
  155  15:15  Corruptor x4  
  98  16:08  Ultralisk x4  
  110  16:25  Corruptor  
  110  16:26  Corruptor x2  
  100  17:17  Mutalisk x5  
  100  17:18  Mutalisk x7  
  109  17:46  Mutalisk x6  
  115  17:54  Drone x3  
  115  17:55  Drone  
  107  17:58  Extractor x2  
Tags
 
Add a new tag
Caveats
  • Supply blocks, unpowered buildings, or Contaminate may cause inaccurate times.
  • Supply counts are checked every 10 seconds.